Map: Curious Minds LE

Players

SLIPDOG

  • Race: Protoss Protoss
  • Spawn Location: 5:00

jamestkirk - Winner!

  • Race: Terran Terran
  • League: Gold
  • Spawn Location: 11:00

VOD

Have the link to the VOD?

Description

Time

  • Played on: Nov. 2, 2021, 6:49 p.m.
  • Length: 7:18
Show
View Real Time Build Order
Export as new Build Order

SLIPDOG Protoss 

Build Orders:  

Get SALT Encoding   

  12  0:00  Probe  
  13  0:12  Probe  
  14  0:20  Pylon  
  14  0:24  Probe  
  15  0:41  Forge  
  15  0:49  Pylon  
  15  0:58  Pylon  
  14  1:10  Gateway  
  14  1:14  Gateway  
  14  1:15  Pylon  
  14  1:16  Probe (Chrono Boost)  
  15  1:23  Assimilator  
  16  1:26  Probe (Chrono Boost)  
  16  1:33  Probe  
  17  1:43  Assimilator  
  17  1:45  Probe  
  18  1:57  Cybernetics Core, Probe  
  18  2:00  Zealot  
  21  2:05  Zealot  
  23  2:12  Probe  
  24  2:24  Probe  
  24  2:28  Warp Gate (Chrono Boost)  
  25  2:35  Pylon  
  25  2:42  Stalker  
  27  2:51  Stalker  
  29  2:56  Probe  
  30  3:03  Pylon  
  30  3:08  Probe  
  31  3:20  Probe  
  32  3:39  Nexus  
  32  3:50  Pylon  
  31  4:00  Pylon, Twilight Council  
  31  4:04  Stalker  
  31  4:08  Probe (Chrono Boost)  
  34  4:19  Probe (Chrono Boost)  
  34  4:24  Probe (Chrono Boost)  
  35  4:25  Gateway  
  36  4:35  Probe (Chrono Boost)  
  37  4:39  Charge  
  37  4:43  Probe (Chrono Boost)  
  38  4:51  Probe (Chrono Boost)  
  40  4:53  Probe (Chrono Boost)  
  41  5:01  Probe (Chrono Boost)  
  41  5:05  Dark Shrine  
  41  5:06  Probe (Chrono Boost)  
  42  5:17  Probe  
  42  5:19  Shield Battery  
  43  5:22  Shield Battery  
  43  5:23  Pylon  
  43  5:24  Stalker  
  43  5:25  Zealot  
  47  5:29  Zealot  
  47  5:35  Probe (Chrono Boost)  
  50  5:43  Probe (Chrono Boost)  
  50  5:44  Probe (Chrono Boost)  
  50  5:48  Zealot  
  50  5:49  Zealot, Probe (Chrono Boost)  
  56  5:52  Zealot  
  58  5:57  Probe  
  58  6:01  Probe  
  56  6:13  Probe  
  56  6:15  Zealot x3  
  36  6:38  Dark Templar x3  
Show
View Real Time Build Order
Export as new Build Order

jamestkirk Terran - Winner!

Build Orders:  

Get SALT Encoding   

  12  0:00  SCV  
  13  0:12  SCV  
  14  0:19  Supply Depot  
  14  0:24  SCV  
  15  0:40  SCV  
  16  0:43  Barracks  
  16  1:10  SCV  
  17  1:20  Refinery  
  17  1:22  SCV  
  18  1:30  Marine  
  19  1:42  Command Center  
  19  1:44  Orbital Command  
  19  1:51  Marine  
  20  2:01  Supply Depot  
  20  2:16  Barracks Reactor  
  20  2:28  SCV  
  20  2:29  Barracks  
  21  2:40  SCV  
  21  2:41  Barracks  
  21  2:52  SCV  
  21  2:54  Marine x2  
  21  2:56  Bunker  
  24  3:04  SCV  
  25  3:12  Marine x2  
  27  3:14  Orbital Command  
  27  3:16  SCV  
  28  3:21  Barracks Tech Lab  
  28  3:28  SCV  
  28  3:30  Refinery  
  28  3:33  Barracks Tech Lab  
  29  3:41  Marine  
  29  3:42  Marine  
  29  3:43  Marine  
  29  3:46  Stimpack  
  29  3:48  SCV  
  33  3:58  Combat Shield  
  33  4:00  SCV  
  34  4:12  SCV  
  34  4:14  Marine  
  34  4:15  Marine  
  34  4:16  Marauder  
  39  4:17  Marauder  
  39  4:18  SCV  
  42  4:24  SCV  
  42  4:30  SCV  
  44  4:32  Supply Depot x2  
  44  4:34  Marine x2  
  46  4:44  SCV x2, Marauder x2  
  52  4:52  Marine  
  52  4:53  Marine  
  52  4:56  SCV x2  
  56  5:06  Marauder x2  
  60  5:08  SCV x2  
  60  5:11  Marine x2  
  64  5:20  SCV x2  
  66  5:27  Marauder x2  
  70  5:44  Marine x2  
  70  5:49  Marauder x2  
  76  5:54  SCV x2  
  78  5:59  Supply Depot  
  78  6:02  Supply Depot, Marine x2  
  80  6:06  SCV x2  
  80  6:10  Marauder x2  
  79  6:28  Marine x2  
  79  6:31  Marauder x2  
  85  6:43  Barracks  
  85  6:45  Marine  
  85  6:46  Barracks, Marine  
  87  6:53  Marauder x2  
  81  7:03  Command Center  
Tags
 
League
Gold
Matchup
PvT
Spawn Locations
Cross Positions
Add a new tag
Caveats
  • Supply blocks, unpowered buildings, or Contaminate may cause inaccurate times.
  • Supply counts are checked every 10 seconds.